Map: Abyssal Reef LE

Players

Tomma - Winner!

  • Race: Zerg Zerg
  • League: Diamond
  • Spawn Location: 11:00

Stk

  • Race: Protoss Protoss
  • League: Diamond
  • Spawn Location: 5:00

VOD

Have the link to the VOD?

Description

Time

  • Played on: Dec. 20, 2017, 2:50 p.m.
  • Length: 12:58
Show
View Real Time Build Order
Export as new Build Order

Tomma Zerg - Winner!

Build Orders: Hatch First 

Get SALT Encoding   

  12  0:00  Drone  
  13  0:12  Overlord  
  13  0:20  Drone  
  14  0:31  Drone x2  
  14  0:35  Drone  
  17  1:04  Hatchery  
  17  1:07  Drone x3  
  17  1:09  Extractor  
  18  1:20  Spawning Pool  
  18  1:23  Drone  
  18  1:29  Drone  
  19  1:40  Overlord  
  19  2:01  Drone  
  19  2:08  Queen  
  20  2:09  Zergling x2  
  23  2:16  Queen  
  23  2:17  Zergling x4  
  23  2:22  Metabolic Boost  
  27  2:24  Drone  
  28  2:31  Drone  
  28  2:35  Drone  
  30  2:38  Drone  
  31  2:48  Drone  
  31  2:49  Drone  
  33  2:52  Queen  
  33  2:54  Overlord  
  35  3:01  Drone  
  36  3:10  Overlord  
  36  3:11  Overlord  
  36  3:17  Drone x4  
  39  3:23  Drone  
  40  3:36  Drone  
  40  3:37  Drone  
  42  3:43  Zergling x2  
  42  3:44  Zergling x2  
  44  3:49  Spore Crawler  
  44  3:51  Spore Crawler  
  44  3:53  Hatchery  
  44  3:54  Queen  
  44  3:55  Drone x2  
  44  4:00  Drone  
  44  4:01  Baneling Nest  
  45  4:10  Drone  
  45  4:15  Roach Warren  
  45  4:16  Drone x2  
  48  4:18  Extractor  
  48  4:19  Drone x3  
  48  4:20  Evolution Chamber  
  47  4:25  Drone x2  
  47  4:26  Drone  
  50  4:31  Drone  
  50  4:32  Drone  
  52  4:40  Zergling x4  
  52  4:45  Extractor  
  53  4:48  Zerg Missile Weapons Level 1  
  53  4:52  Drone x6, Extractor  
  58  4:53  Drone  
  58  4:55  Lair  
  59  5:13  Roach x2  
  59  5:14  Drone, Roach  
  66  5:15  Overlord x2  
  66  5:18  Overlord  
  66  5:27  Overlord x2  
  66  5:29  Overlord  
  66  5:34  Drone x3  
  66  5:35  Drone  
  70  5:37  Drone  
  70  5:38  Drone  
  72  5:47  Spore Crawler  
  73  5:50  Drone, Roach  
  73  5:51  Drone x5  
  73  5:52  Drone  
  73  5:56  Drone x2  
  82  6:02  Roach x3  
  88  6:05  Overlord  
  88  6:07  Overlord  
  87  6:13  Roach x2  
  87  6:14  Roach  
  87  6:16  Roach  
  95  6:20  Roach x2  
  95  6:21  Extractor  
  95  6:22  Overlord  
  95  6:25  Overlord  
  98  6:27  Overlord  
  98  6:31  Roach  
  100  6:38  Roach x2  
  100  6:39  Roach x2  
  106  6:43  Glial Reconstitution  
  104  6:48  Roach x5  
  104  6:49  Roach  
  115  6:54  Roach  
  115  6:55  Roach x2  
  115  6:56  Overlord  
  115  7:00  Overlord  
  121  7:03  Roach  
  121  7:04  Roach x2  
  121  7:05  Roach  
  121  7:07  Roach  
  131  7:11  Drone, Zerg Missile Weapons Level 2  
  131  7:14  Drone  
  133  7:18  Drone x3  
  133  7:19  Overlord  
  136  7:29  Roach  
  142  7:30  Roach x4  
  142  7:32  Roach x2  
  142  7:36  Roach  
  142  7:37  Roach  
  154  7:41  Roach x3  
  154  7:43  Overlord  
  160  7:45  Overlord  
  160  7:52  Overlord  
  160  7:53  Overlord  
  160  7:54  Roach  
  160  7:58  Overseer  
  162  7:59  Overlord  
  162  8:01  Roach  
  162  8:02  Roach x3  
  172  8:05  Roach  
  172  8:06  Roach x2  
  172  8:08  Roach  
  172  8:10  Roach  
  180  8:16  Roach  
  180  8:17  Roach x3  
  180  8:19  Roach  
  190  8:31  Hydralisk Den  
  190  8:32  Roach x5  
  199  8:47  Spire  
  197  8:54  Infestation Pit  
  191  9:04  Roach x2  
  169  9:10  Roach x4  
  169  9:11  Roach  
  169  9:13  Roach x2  
  169  9:14  Roach x6  
  169  9:15  Roach x3  
  183  9:20  Roach  
  183  9:21  Roach  
  159  9:27  Roach x3  
  159  9:28  Roach x3  
  153  9:33  Roach  
  153  9:34  Roach x2  
  153  9:37  Roach x3  
  161  9:41  Roach x2  
  159  9:48  Roach  
  153  9:54  Roach  
  153  9:55  Roach  
  155  10:00  Mutalisk  
  155  10:03  Roach x2  
  149  10:08  Roach  
  149  10:12  Mutalisk x2  
  137  10:24  Roach x2  
  137  10:25  Mutalisk  
  137  10:31  Mutalisk  
  137  10:34  Mutalisk x2  
  131  10:39  Mutalisk  
  131  10:40  Mutalisk  
  127  10:43  Mutalisk x2  
  127  10:44  Mutalisk  
  127  10:46  Zergling x2  
  127  10:47  Zergling x10  
  131  10:51  Zergling x2  
  126  11:03  Zergling x2  
  125  11:04  Roach x2  
  125  11:05  Roach  
  125  11:08  Hatchery, Hydralisk  
  125  11:09  Hydralisk  
  125  11:10  Muscular Augments  
  134  11:14  Drone  
  134  11:15  Extractor  
  134  11:20  Drone x2  
  134  11:25  Hatchery  
  135  11:28  Hydralisk x4  
  143  11:39  Hydralisk x4  
  151  11:47  Hydralisk x2  
  151  11:52  Zergling x8  
  151  11:53  Zergling x4  
  161  12:01  Hydralisk x3  
  161  12:07  Hydralisk  
  169  12:14  Zergling x2, Overlord x4  
  170  12:21  Hydralisk x2  
  174  12:34  Hydralisk x3  
Show
View Real Time Build Order
Export as new Build Order

Stk Protoss 

Build Orders: 1 Gate Expand, Oracle Opening, Zealot Archon 

Get SALT Encoding   

  12  0:00  Probe  
  13  0:12  Probe  
  14  0:19  Pylon  
  14  0:25  Probe  
  15  0:37  Probe  
  15  0:42  Gateway  
  16  0:51  Assimilator  
  16  0:55  Probe (Chrono Boost)  
  17  1:01  Probe (Chrono Boost)  
  18  1:05  Probe  
  19  1:17  Probe  
  20  1:37  Probe  
  20  1:39  Nexus  
  21  1:46  Cybernetics Core  
  21  1:50  Probe  
  22  1:56  Assimilator  
  22  1:59  Pylon  
  22  2:03  Probe  
  23  2:17  Probe  
  24  2:27  Stargate, Adept (Chrono Boost)  
  26  2:37  Probe  
  26  2:41  Pylon  
  26  2:44  Adept  
  26  2:48  Warp Gate  
  28  2:51  Probe x2  
  30  3:03  Probe x2  
  32  3:15  Probe  
  32  3:16  Probe  
  34  3:20  Gateway x2  
  34  3:24  Oracle (Chrono Boost)  
  37  3:28  Probe  
  38  3:41  Adept  
  40  3:47  Twilight Council, Probe (Chrono Boost)  
  40  3:48  Probe (Chrono Boost)  
  42  4:03  Probe (Chrono Boost)  
  42  4:04  Probe (Chrono Boost)  
  44  4:10  Adept x2  
  44  4:16  Pylon  
  46  4:34  Phoenix, Probe x2  
  50  4:50  Nexus  
  50  4:51  Pylon  
  50  4:53  Probe  
  50  4:54  Probe  
  52  5:02  Assimilator  
  52  5:04  Assimilator  
  52  5:05  Probe  
  52  5:06  Probe  
  54  5:07  Resonating Glaives (Chrono Boost)  
  54  5:14  Pylon  
  56  5:21  Probe (Chrono Boost)  
  56  5:22  Probe (Chrono Boost)  
  58  5:28  Adept  
  58  5:29  Probe x2 (Chrono Boost), Templar Archives, Adept  
  58  5:32  Adept  
  64  5:45  Gateway  
  64  5:46  Gateway  
  64  5:48  Gateway  
  64  5:49  Gateway  
  64  5:53  Probe, Pylon  
  64  5:54  Probe  
  66  6:00  Forge  
  66  6:01  Adept x3  
  72  6:18  Psionic Storm  
  72  6:22  Probe x2  
  72  6:23  Protoss Ground Weapons Level 1 (Chrono Boost)  
  72  6:24  Shield Battery  
  72  6:25  Shield Battery  
  74  6:26  Probe  
  74  6:27  Shield Battery  
  75  6:34  Probe x2  
  75  6:38  Probe  
  76  7:00  High Templar x3  
  82  7:06  Robotics Facility x2  
  82  7:08  Archon  
  82  7:12  High Templar  
  82  7:14  Probe  
  85  7:16  Pylon  
  85  7:26  Photon Cannon  
  85  7:27  Pylon  
  85  7:34  Charge  
  85  7:43  High Templar  
  85  7:44  High Templar  
  89  7:45  Zealot x4  
  89  7:46  Zealot  
  89  7:49  Probe  
  89  7:50  Probe x2  
  102  8:01  Immortal (Chrono Boost)  
  102  8:02  Probe x3  
  109  8:07  Pylon  
  109  8:08  Assimilator  
  109  8:12  Assimilator  
  109  8:22  Protoss Ground Weapons Level 2 (Chrono Boost)  
  109  8:25  Probe x3  
  109  8:26  Immortal (Chrono Boost)  
  116  8:36  Nexus  
  116  8:37  Probe  
  116  8:40  Pylon  
  117  8:42  Pylon  
  117  8:53  Probe  
  117  9:00  Probe  
  116  9:03  Zealot  
  116  9:08  Immortal (Chrono Boost)  
  116  9:09  Archon x2  
  112  9:17  Zealot x2  
  112  9:18  Immortal (Chrono Boost)  
  112  9:19  Zealot x2  
  112  9:20  Zealot x2  
  84  9:34  Zealot  
  78  9:50  Zealot x6  
  88  9:56  Immortal x2 (Chrono Boost)  
  84  10:08  Pylon  
  82  10:19  Zealot x6  
  82  10:20  Zealot  
  76  10:28  Void Ray (Chrono Boost)  
  60  10:44  Stalker x7  
  74  10:50  Probe x3  
  74  10:54  Immortal (Chrono Boost)  
  79  11:02  Probe x3  
  82  11:07  Pylon, Photon Cannon  
  82  11:09  High Templar x7, Photon Cannon  
  96  11:14  Archon  
  96  11:15  Archon x2  
  96  11:23  Probe x3  
  103  11:37  Immortal (Chrono Boost)  
  103  11:38  Pylon  
  103  11:41  Stalker  
  103  11:42  Stalker x5  
  103  11:43  Stalker  
  117  11:55  Photon Cannon  
  117  11:56  Probe x3  
  117  11:57  Photon Cannon  
  120  12:11  Photon Cannon  
  118  12:28  Photon Cannon  
  118  12:29  Photon Cannon  
  117  12:34  Probe  
  117  12:35  Probe  
Tags
 
Add a new tag
Caveats
  • Supply blocks, unpowered buildings, or Contaminate may cause inaccurate times.
  • Supply counts are checked every 10 seconds.